 Dungeon Sprint DCSS version 0.21-a0-270-g8204059 (webtiles) character file.

1709 potatolord6000 the Lord of Darkness (level 8, -2/68 HPs)
             Began as a Mummy Fighter on Sept 13, 2017.
             Was the Champion of Kikubaaqudgha.
             Killed from afar by a gargoyle (23 damage)
             ... with a stone arrow
             ... in the Dungeon (Sprint VII: "The Pits").
             The game lasted 00:06:16 (1231 turns).

potatolord6000 the Lord of Darkness (Mummy Fighter) Turns: 1231, Time: 00:06:16

Health: -2/68      AC: 16    Str: 24    XL:     8   Next: 74%
Magic:  20/20      EV:  6    Int:  8    God:    Kikubaaqudgha [******]
Gold:   0          SH: 11    Dex: 14    Spells: 3/24 levels left

rFire    x . .     SeeInvis .   j - +4 flail (pain)
rCold    + . .     Gourm    .   c - +0 shield
rNeg     + + +     Faith    .   e - +3 chain mail
rPois    ∞         Spirit   .   (no helmet)
rElec    .         Reflect  .   k - +0 cloak
rCorr    .         Harm     .   g - +0 pair of gloves
MR       +....     NoTele   +   (no boots)
Stlth    ..........             (no amulet)
HPRegen  0.21/turn              b - +3 ring of dexterity
MPRegen  0.17/turn              d - +3 ring of strength

@: no status effects
A: no food or potions, fire vulnerability, cold resistance 1, negative energy
resistance 3, torment resistance, unbreathing
a: Receive Corpses, Torment, Renounce Religion


You were in the Dungeon.
You worshipped Kikubaaqudgha.
Kikubaaqudgha was exalted by your worship.
You were not hungry.

You visited 1 branch

Inventory:

Hand Weapons
 j - a +4 flail of pain (weapon)
Armour
 c - a +0 shield (worn)
 e - a +3 chain mail (worn)
 g - a +0 pair of gloves (worn)
 k - a +0 cloak (worn)
Jewellery
 b - a +3 ring of dexterity (left hand)
 d - a +3 ring of strength (right hand)
Scrolls
 a - 3 scrolls of remove curse
 f - 5 scrolls of amnesia
Books
 h - Kikubaaqudgha's Volume of Darkness
   (Kikubaaqudgha gifted it to you in the Dungeon)

   Spells                             Type                      Level
   a - Animate Skeleton               Necromancy                   1
   b - Pain                           Necromancy                   1
   c - Corpse Rot                     Necromancy                   2
   d - Vampiric Draining              Necromancy                   3
   e - Control Undead                 Necromancy                   4
 i - Kikubaaqudgha's Handbook of Black Rituals
   (Kikubaaqudgha gifted it to you in the Dungeon)

   Spells                             Type                      Level
   a - Animate Dead                   Necromancy                   4
   b - Agony                          Necromancy                   5
   c - Cigotuvi's Embrace             Necromancy                   5
   d - Dispel Undead                  Necromancy                   5
   e - Simulacrum                     Ice/Necromancy               6


   Skills:
 + Level 8.1 Fighting
 + Level 6.4 Maces & Flails
 + Level 6.8 Armour
 + Level 6.9 Shields
 + Level 8.9 Spellcasting
 * Level 10.3 Necromancy


You had 3 spell levels left.
You knew the following spells:

 Your Spells              Type           Power        Failure   Level  Hunger
a - Animate Dead          Necr           N/A          41%         4    N/A
b - Agony                 Necr           ###.....     77%         5    N/A
c - Control Undead        Necr           ###.......   41%         4    N/A
d - Cigotuvi's Embrace    Necr           ###.......   77%         5    N/A
e - Vampiric Draining     Necr           ###.......   13%         3    N/A

Dungeon Overview and Level Annotations

Branches:
Dungeon (1/1)

Altars:
Ashenzari
Cheibriados
Dithmenos
Elyvilon
Fedhas
Gozag
Hepliaklqana
Kikubaaqudgha
Makhleb
Nemelex Xobeh
Okawaru
Qazlal
Ru
Sif Muna
Trog
Uskayaw
Vehumet
Wu Jian
Xom
Yredelemnul
Zin
The Shining One
Beogh
Jiyva
Lugonu


Innate Abilities, Weirdness & Mutations

You do not eat or drink.
Your flesh is vulnerable to fire.
You are immune to poison.
Your flesh is cold resistant. (rC+)
You are immune to negative energy. (rN+++)
You are immune to unholy pain and torment.
You can survive without breathing.


Message History

Aiming: Vampiric Draining
Press: ? - help, Shift-Dir - straight line, f - gargoyle
Aim: a gargoyle, wielding a morningstar (almost destroyed)
You can't drain life from that!
Your shield prevents you from hitting the gargoyle.
The gargoyle is almost destroyed.
The gargoyle hits you with a morningstar!
* * * LOW HITPOINT WARNING * * *
Unknown command.
You hit the gargoyle but do no damage.
The gargoyle is almost destroyed.
The gargoyle hurls a stone arrow at you.
The stone arrow hits you!
Unknown command.
Your chain mail prevents you from hitting the gargoyle.
The gargoyle is almost destroyed.
The gargoyle hurls a stone arrow at you.
The stone arrow hits you!
You die...
Kikubaaqudgha rasps: "You have failed me!
Welcome... oblivion!"

____.#
__...###########++######
####'##................#
)))'.##......#..#......#
####.##................+
......'................+
#'#####......#..#......#
..#[[##................#
..#))#####'#####@'######
###))##.......##)9#
..#))##.......##....
..#!!##.......##......
[##'###...<...##.....##
.....##.......##...###
.....##.......##..##
#######.......##++#
..#.. #########


You could see a gargoyle.

Vanquished Creatures
  An orange demon (D)
  A gargoyle (D)
  A fire bat (D)
  A hungry ghost (D)
  A warg (D)
  2 floating eyes (D)
  A centaur (D)
  A scorpion (D)
  A crimson imp (D)
  Terence (D)
  A gnoll (D)
  A river rat (D)
  A bat zombie (D)
  A giant cockroach (D)
  10 jackals (D)
  A quokka (D)
  2 frilled lizards (D)
28 creatures vanquished.

Vanquished Creatures (collateral kills)
  A gargoyle (D)
  An efreet (D)
2 creatures vanquished.

Grand Total: 30 creatures vanquished

Notes
Turn   | Place    | Note
-------+----------+-------------------------------------------
     0 | D        | potatolord6000 the Mummy Fighter began the quest for the Orb.
     0 | D        | Reached XP level 1. HP: 18/18 MP: 1/1
    23 | D        | Found a bloodstained altar of Trog.
    23 | D        | Found a deep blue altar of Sif Muna.
    23 | D        | Found a viscous altar of Jiyva.
    23 | D        | Found a hazy altar of Hepliaklqana.
    23 | D        | Found an opulent altar of Gozag.
    52 | D        | Found a glowing golden altar of the Shining One.
    52 | D        | Found a glowing silver altar of Zin.
    52 | D        | Found a basalt altar of Yredelemnul.
    52 | D        | Found a shimmering altar of Xom.
    52 | D        | Found an ornate altar of the Wu Jian Council.
    52 | D        | Found a sacrificial altar of Ru.
    52 | D        | Found a stormy altar of Qazlal.
    52 | D        | Found an iron altar of Okawaru.
    52 | D        | Found a sparkling altar of Nemelex Xobeh.
    52 | D        | Found a burning altar of Makhleb.
    52 | D        | Found a blossoming altar of Fedhas.
    52 | D        | Found a white marble altar of Elyvilon.
    52 | D        | Found a shadowy altar of Dithmenos.
    52 | D        | Found a snail-covered altar of Cheibriados.
    55 | D        | Found a corrupted altar of Lugonu.
    55 | D        | Found a radiant altar of Vehumet.
    55 | D        | Found a roughly hewn altar of Beogh.
    56 | D        | Found an ancient bone altar of Kikubaaqudgha.
    56 | D        | Found a hide-covered altar of Uskayaw.
    56 | D        | Found a shattered altar of Ashenzari.
    64 | D        | Became a worshipper of Kikubaaqudgha
    91 | D        | Reached skill level 1 in Spellcasting
   117 | D        | Reached * piety under Kikubaaqudgha
   117 | D        | Identified Kikubaaqudgha's Volume of Darkness (Kikubaaqudgha gifted it to you in the Dungeon)
   117 | D        | Received a gift from Kikubaaqudgha
   117 | D        | Reached skill level 1 in Necromancy
   117 | D        | Reached XP level 2. HP: 23/24 MP: 2/4
   132 | D        | Reached ** piety under Kikubaaqudgha
   218 | D        | Noticed Terence
   224 | D        | Reached skill level 2 in Necromancy
   226 | D        | Reached XP level 3. HP: 22/30 MP: 6/6
   227 | D        | Reached *** piety under Kikubaaqudgha
   227 | D        | Identified Kikubaaqudgha's Handbook of Black Rituals (Kikubaaqudgha gifted it to you in the Dungeon)
   227 | D        | Received a gift from Kikubaaqudgha
   243 | D        | Killed Terence
   243 | D        | Reached skill level 3 in Necromancy
   446 | D        | Noticed a centaur
   447 | D        | Noticed a floating eye
   450 | D        | Noticed a floating eye
   450 | D        | Noticed a warg
   450 | D        | Noticed a hungry ghost
   453 | D        | Paralysed by a floating eye for 4 turns
   457 | D        | Killed a centaur
   457 | D        | Reached **** piety under Kikubaaqudgha
   457 | D        | Reached skill level 4 in Necromancy
   457 | D        | Reached XP level 4. HP: 21/38 MP: 8/10
   457 | D        | Reached XP level 5. HP: 24/43 MP: 8/11
   459 | D        | Paralysed by a floating eye for 2 turns
   461 | D        | Killed a floating eye
   461 | D        | Reached skill level 5 in Fighting
   461 | D        | Reached skill level 5 in Spellcasting
   461 | D        | Reached skill level 5 in Necromancy
   482 | D        | Reached skill level 6 in Necromancy
   482 | D        | Reached XP level 6. HP: 17/51 MP: 11/14
   686 | D        | Learned a level 4 spell: Animate Dead
   692 | D        | Learned a level 5 spell: Agony
   697 | D        | Learned a level 4 spell: Control Undead
   721 | D        | Killed a hungry ghost
   721 | D        | Reached skill level 5 in Armour
   721 | D        | Reached skill level 5 in Shields
   721 | D        | Reached skill level 7 in Necromancy
   738 | D        | Killed a floating eye
   738 | D        | Reached ***** piety under Kikubaaqudgha
   749 | D        | Killed a warg
   749 | D        | Reached skill level 5 in Maces & Flails
   749 | D        | Reached skill level 8 in Necromancy
   749 | D        | Reached XP level 7. HP: 44/59 MP: 15/17
   843 | D        | Noticed an orange demon
   855 | D        | Killed an orange demon
   855 | D        | Reached skill level 9 in Necromancy
   857 | D        | Noticed a fire bat
   864 | D        | Killed a fire bat
   864 | D        | Reached XP level 8. HP: 54/67 MP: 19/19
   919 | D        | Noticed a gargoyle
   919 | D        | Noticed an efreet
   941 | D        | Killed an efreet
   944 | D        | Killed a gargoyle
   944 | D        | Reached ****** piety under Kikubaaqudgha
   998 | D        | Learned a level 5 spell: Cigotuvi's Embrace
  1002 | D        | Learned a level 3 spell: Vampiric Draining
  1163 | D        | Identified a +4 flail of pain (a +2 flail of protection bloodied by Kikubaaqudgha)
  1163 | D        | Received a gift from Kikubaaqudgha
  1209 | D        | Noticed a gargoyle
  1209 | D        | Noticed a gargoyle
  1216 | D        | Killed a gargoyle
  1216 | D        | Reached skill level 10 in Necromancy
  1231 | D        | Killed from afar by a gargoyle

Vault maps used:
D:        pitsprint

Skill      XL: |  1  2  3  4  5  6  7  8 |
---------------+-------------------------+-----
Spellcasting   | 1 2 4 5 7 8 |  8.9
Maces & Flails | 2 3 4 5 6 |  6.4
Shields        | 3 4 5 6 |  6.9
Necromancy     | 1 2 4 6 8 9 10 | 10.3
Armour         | 3 4 5 6 |  6.8
Fighting       | 4 5 6 7 8 |  8.1

Action                   |  1- 3 |  4- 6 |  7- 9 || total
-------------------------+-------+-------+-------++-------
Melee: Mace              |    48 |       |       ||    48
       Flail             |     8 |    46 |    64 ||   118
Invok: Brand Weapon With |       |       |     1 ||     1
  Use: Scroll            |       |     1 |     1 ||     2
Armor: Scale mail        |    49 |       |       ||    49
       Chain mail        |     5 |    26 |    35 ||    66
Dodge: Dodged            |    38 |    12 |     6 ||    56
Block: Shield            |    41 |    20 |    30 ||    91

Table legend:
 A = Spawn XP
 B = Non-spawn XP
 C = Spawn XP percentage of total XP
 D = Spawn monster count
 E = Non-spawn monster count
 F = Spawn count percentage of total count
 G = Total turns spent on level
                    A         B        C        D         E        F      G
               +---------+---------+-------+---------+---------+-------+---------
         Total |       0 |    2442 |   0.0 |       0 |      30 |   0.0 |  1231
               +---------+---------+-------+---------+---------+-------+---------
             D |       0 |    2442 |   0.0 |       0 |      30 |   0.0 |  1231
               +---------+---------+-------+---------+---------+-------+---------
